 Dungeon Crawl Stone Soup version 0.20.1-1-g8b1a95d66d (webtiles) character file.

2559 NullDivider the Covert (level 9, -1/61 HPs)
             Began as an Octopode Artificer on Nov 23, 2017.
             Slain by an orc warrior
             ... wielding a +0 glaive
              (13 damage)
             ... on level 7 of the Dungeon.
             The game lasted 00:34:36 (7231 turns).

NullDivider the Covert (Octopode Artificer)         Turns: 7231, Time: 00:34:38

Health: -1/61      AC:  1    Str: 11    XL:     9   Next: 56%
Magic:  14/14      EV: 17    Int: 14    God:
Gold:   453        SH:  0    Dex: 15    Spells: 8/8 levels left

rFire    . . .     SeeInvis .   E - +5 short sword (freeze) (curse)
rCold    . . .     Gourm    .   (no shield)
rNeg     . . .     Faith    .   (helmet restricted)
rPois    .         Spirit   .   (no amulet)
rElec    .         Reflect  .   (no ring)
rCorr    .         Harm     .   (no ring)
MR       .....                  (no ring)
Stlth    +++++.....             (no ring)
Regen    0.2/turn               (no ring)
MPRegen  0.2/turn               (no ring)
                                (no ring)
                                (no ring)

@: no status effects
A: almost no armour, stealthy swim, amphibious, 8 rings, constrict 8, camouflage
1, gelatinous body 1
a: no special abilities


You were on level 7 of the Dungeon.
You were not hungry.

You visited 2 branches of the dungeon, and saw 8 of its levels.

You collected 453 gold pieces.

Inventory:

Hand Weapons
 B - a +1 dagger of electrocution
 E - a cursed +5 short sword of freezing (weapon)
Wands
 b - a wand of flame (5/48)
 c - a wand of enslavement (7/24)
 d - a wand of random effects (15/48)
 F - a wand of scattershot (0/9)
 G - a wand of polymorph (10/24)
Scrolls
 a - 2 scrolls of fog {unknown}
 g - 6 scrolls of fear
 o - 3 scrolls of enchant armour
 q - 3 scrolls of identify
 r - a scroll of blinking {unknown}
 s - a scroll of vulnerability {unknown}
 u - 4 scrolls of teleportation
 y - 3 scrolls of remove curse {unknown}
 D - a scroll of noise {unknown}
 I - a scroll of magic mapping {unknown}
Potions
 e - 3 potions of curing {unknown}
 h - a potion of resistance {unknown}
 i - 2 potions of haste {unknown}
 j - a potion of brilliance {unknown}
 m - a potion of mutation {unknown}
 n - a potion of magic {unknown}
 t - a potion of lignification {unknown}
 v - 2 potions of heal wounds {unknown}
 w - a potion of might {unknown}
 x - a potion of ambrosia {unknown}
 A - 3 potions of agility {unknown}
 C - a potion of flight {unknown}
 H - a potion of degeneration {unknown}
Comestibles
 f - 4 bread rations
 k - 5 chunks of flesh
 l - 3 fruits
 p - 3 meat rations
 z - 3 royal jellies


   Skills:
 + Level 5.5 Fighting
 + Level 5.6 Short Blades
 + Level 6.2 Dodging
 + Level 8.4 Stealth
 + Level 6.7 Evocations


You had 8 spell levels left.
You didn't know any spells.

Dungeon Overview and Level Annotations

Branches:
Dungeon (7/15)             Temple (1/1) D:7

Altars:
Ashenzari
Cheibriados
Dithmenos
Elyvilon
Fedhas
Gozag
Kikubaaqudgha
Okawaru
Qazlal
Sif Muna
Trog
Uskayaw
Vehumet
Xom
Zin
The Shining One

Shops:
D:6 *


Innate Abilities, Weirdness & Mutations

You cannot wear most types of armour.
You are very stealthy in the water. (Stealth+)
You are amphibious.
You can wear up to eight rings at the same time.
You can use your tentacles to constrict eight enemies at once.
Your skin changes colour to match your surroundings (Stealth+).
Your rubbery body absorbs attacks. (AC +1, EV +1)


Message History

a club; a ring mail Evoke which item? (* to show all) (? for menu, Esc to quit)
Aiming: Scattershot (will waste charges)
Press: ? - help, Shift-Dir - straight line, f/p - orc warrior
Aim: an orc warrior, wielding a glaive and wearing a chain mail (in your thrall, friendly) Really scattershot your orc warrior?
Uppercase [Y]es or [N]o only, please.
Really scattershot your orc warrior?
The burst of metal fragments hits your orc warrior.
The orc warrior is no longer charmed.
The burst of metal fragments hits the orc warrior. x8
The orc warrior is heavily wounded.
Evoking this partially-identified wand wasted a few charges.
The orc warrior hits you with a glaive!!
* * * LOW HITPOINT WARNING * * *
You hit the orc warrior. You freeze the orc warrior.
Your grab misses the orc warrior.
The orc warrior is severely wounded.
The orc warrior hits you with a glaive!
You die...

#..... #. #.[... ##.
#..... #.. #.....
#.# #..... #.#
##.....##)###
............########
###.##.o##.........
#@####)....... #.#
#........ ....#
#........ ...
#.######........
#.>##. ##.....#####
...#. #..##### #.#.
##.## #...##..#
#..#...##


You could see an orc warrior.

Vanquished Creatures
  A slime creature (D:5)
  Prince Ribbit (D:5)
  A hippogriff (D:7)
  Menkaure (D:4)
  A water moccasin (D:5)
  A phantom (D:6)
  5 ogres
  A bullfrog (D:6)
  3 scorpions
  8 wights (D:6)
  A howler monkey (D:6)
  4 jellies
  An orc priest (D:4)
  3 orc wizards
  A gnoll shaman (D:5)
  An iguana (D:4)
  2 worker ants
  A hound skeleton (D:6)
  A worker ant zombie (D:5)
  Robin (D:2)
  3 gnolls (D:6)
  7 adders
  2 shadow imps (D:5)
  An ooze (D:5)
  An adder skeleton (D:5)
  An adder zombie (D:6)
  7 worms
  A dart slug (D:4)
  3 leopard geckos
  12 orcs
  A ball python (D:1)
  3 giant cockroaches
  15 goblins
  12 hobgoblins
  16 jackals
  9 kobolds
  4 quokkas
  A ball python skeleton (D:4)
  7 bats
  2 frilled lizards
  A leopard gecko zombie (D:5)
  2 quokka skeletons (D:5)
  A quokka zombie (D:6)
  12 rats
163 creatures vanquished.

Vanquished Creatures (collateral kills)
  A jelly (D:5)
  An orc wizard (D:4)
  3 oozes (D:5)
  2 orcs
7 creatures vanquished.

Vanquished Creatures (others)
  A slime creature (D:5)
  A centaur (D:6)
  2 goblins (D:2)
  A jackal (D:3)
  2 fungi (D:5)
  5 toadstools (D:5)
12 creatures vanquished.

Grand Total: 182 creatures vanquished

Notes
Turn   | Place    | Note
-------+----------+-------------------------------------------
     0 | D:1      | NullDivider the Octopode Artificer began the quest for the Orb.
     0 | D:1      | Reached XP level 1. HP: 13/13 MP: 3/3
   204 | D:1      | Reached XP level 2. HP: 18/18 MP: 4/4
   218 | D:1      | Reached skill level 2 in Stealth
   533 | D:1      | Reached XP level 3. HP: 16/23 MP: 5/5
  1619 | D:2      | Noticed Robin
  1635 | D:2      | Killed Robin
  1635 | D:2      | Reached skill level 3 in Stealth
  1635 | D:2      | Reached XP level 4. HP: 9/28 MP: 6/6
  1637 | D:2      | HP: 1/28 [goblin[Robin] (4)]
  2552 | D:3      | Noticed an ogre
  2559 | D:3      | Killed an ogre
  2559 | D:3      | Reached XP level 5. HP: 34/34 MP: 7/7
  3268 | D:3      | Found a white marble altar of Elyvilon.
  3372 | D:4      | Found an opulent altar of Gozag.
  3405 | D:4      | Noticed Menkaure
  3410 | D:4      | Killed Menkaure
  3410 | D:4      | Reached skill level 4 in Stealth
  3410 | D:4      | Reached XP level 6. HP: 41/41 MP: 7/9
  3535 | D:4      | Reached XP level 7. HP: 35/45 MP: 10/10
  3793 | D:4      | Reached skill level 5 in Stealth
  3864 | D:4      | Found a snail-covered altar of Cheibriados.
  4218 | D:5      | Entered Level 5 of the Dungeon
  4234 | D:5      | Noticed Prince Ribbit
  4239 | D:5      | Killed Prince Ribbit
  4239 | D:5      | Reached skill level 5 in Evocations
  4331 | D:5      | Reached skill level 6 in Stealth
  4331 | D:5      | Reached XP level 8. HP: 52/52 MP: 11/11
  4455 | D:5      | Found a stormy altar of Qazlal.
  4456 | D:5      | Noticed a water elemental
  4456 | D:5      | Noticed an air elemental
  4995 | D:5      | Noticed a slime creature
  4995 | D:5      | Noticed a slime creature
  4998 | D:5      | Reached skill level 5 in Dodging
  5149 | D:5      | Reached skill level 7 in Stealth
  5159 | D:5      | Killed a slime creature
  5695 | D:6      | Reached skill level 5 in Short Blades
  5695 | D:6      | Reached XP level 9. HP: 35/59 MP: 13/13
  5979 | D:6      | Found a snail-covered altar of Cheibriados.
  6044 | D:6      | Reached skill level 5 in Fighting
  6196 | D:6      | Found Plog's Assorted Antiques.
  6504 | D:6      | Reached skill level 8 in Stealth
  6931 | D:7      | Found a staircase to the Ecumenical Temple.
  6954 | Temple   | Entered the Ecumenical Temple
  7231 | D:7      | Slain by an orc warrior

Skill      XL: |  1  2  3  4  5  6  7  8  9 |
---------------+----------------------------+-----
Stealth        | 2 3 4 6 7 8 |  8.4
Dodging        | 3 4 5 6 |  6.2
Short Blades   | 2 3 4 5 |  5.6
Fighting       | 2 3 4 5 |  5.5
Evocations     | 4 5 6 |  6.7

Action                   |  1- 3 |  4- 6 |  7- 9 || total
-------------------------+-------+-------+-------++-------
Melee: Short sword       |    24 |       |    81 ||   105
       Constrict         |    25 |    25 |    36 ||    86
       Tentacles         |    18 |    17 |    40 ||    75
       Dagger            |    50 |    90 |   118 ||   258
Evoke: Wand              |       |    11 |     8 ||    19
  Use: Scroll            |       |       |     4 ||     4
 Stab: Sleeping          |     9 |     3 |    22 ||    34
       Distracted        |     1 |       |     1 ||     2
  Eat: Chunk             |     2 |     6 |    12 ||    20
Armor: Skin              |     4 |     5 |     5 ||    14
Dodge: Dodged            |    49 |    45 |   100 ||   194
